 Dungeon Crawl Stone Soup version 0.22-a0-247-gbddf880 (webtiles) character file.

9340 wolfsongas the Protected (level 11, -11/86 HPs)
             Began as a Gnoll Wanderer on Feb 23, 2018.
             Was an Initiate of Gozag.
             Mangled by a skeletal warrior
             ... wielding a +0 trident
             ... led by a skeletal warrior
              (15 damage)
             ... on level 7 of the Dungeon.
             The game lasted 00:24:08 (11590 turns).

wolfsongas the Protected (Gnoll Wanderer)          Turns: 11590, Time: 00:24:09

Health: -11/86     AC: 20    Str: 19    XL:     11   Next: 45%
Magic:  20/20      EV: 10    Int: 15    God:    Gozag
Gold:   402        SH:  5    Dex: 13    Spells: 23/23 levels left

rFire    . . .     SeeInvis .   m - +1 whip (flame)
rCold    . . .     Gourm    .   g - +0 buckler
rNeg     . . .     Faith    .   o - +3 plate armour
rPois    +         Spirit   .   (helmet restricted)
rElec    .         Reflect  .   h - +0 cloak
rCorr    .         Harm     .   l - +0 pair of gloves
MR       .....                  (no boots)
Stlth    ..........             (no amulet)
HPRegen  0.24/turn              n - ring of poison resistance
MPRegen  0.17/turn              p - ring of stealth

@: no status effects
A: distributed training, fangs 1, horns 1, evolution 1, sturdy frame 1, strong
nose
a: Potion Petition, Call Merchant, Bribe Branch, Renounce Religion


You were on level 7 of the Dungeon.
You worshipped Gozag.
Gozag was aware of your devotion.
You were hungry.

You visited 2 branches of the dungeon, and saw 9 of its levels.
You also visited: Ossuary.

You collected 909 gold pieces.
You paid 507 gold pieces to Gozag.

Inventory:

Hand Weapons
 m - a +1 whip of flaming (weapon)
Armour
 g - a +0 buckler (worn)
 h - a +0 cloak (worn)
 l - a +0 pair of gloves (worn)
 o - a +3 plate armour (worn)
Magical Staves
 k - an uncursed staff of wizardry
Jewellery
 n - a ring of poison resistance (left hand)
 p - a ring of stealth (right hand)
Wands
 a - a wand of iceblast (6)
 b - a wand of acid (4)
 d - a wand of random effects (14)
 y - a wand of flame (9)
 z - a wand of digging (8)
Scrolls
 c - 2 scrolls of teleportation
 j - 5 scrolls of remove curse
 q - 2 scrolls of blinking
 s - a scroll of enchant weapon
 A - a scroll of amnesia
Potions
 e - 2 potions of magic
 i - 5 potions of brilliance
 v - 2 potions of mutation
 w - a potion of lignification
Comestibles
 f - 8 rations


   Skills:
 + Level 8.1 Fighting
 + Level 6.5 Short Blades
 + Level 6.5 Long Blades
 + Level 6.5 Axes
 + Level 7.1 Maces & Flails
 + Level 6.5 Polearms
 + Level 6.5 Staves
 + Level 6.5 Slings
 + Level 6.5 Bows
 + Level 6.5 Crossbows
 + Level 8.1 Throwing
 + Level 10.7 Armour
 + Level 6.5 Dodging
 + Level 7.0 Stealth
 + Level 6.5 Shields
 + Level 6.5 Unarmed Combat
 + Level 6.5 Spellcasting
 + Level 5.4 Conjurations
 + Level 5.4 Hexes
 + Level 5.4 Charms
 + Level 5.4 Summonings
 + Level 5.4 Necromancy
 + Level 5.4 Translocations
 + Level 5.4 Transmutations
 + Level 5.4 Fire Magic
 + Level 5.4 Ice Magic
 + Level 5.4 Air Magic
 + Level 5.4 Earth Magic
 + Level 5.4 Poison Magic
 + Level 7.2 Invocations
 + Level 6.5 Evocations


You had 23 spell levels left.
You didn't know any spells.

Dungeon Overview and Level Annotations

Branches:
Dungeon (8/15)             Temple (1/1) D:6            Lair (0/6) D:8

Altars:
Cheibriados
Elyvilon
Gozag
Hepliaklqana
Makhleb
Nemelex Xobeh
Qazlal
Sif Muna
Uskayaw
Vehumet
Wu Jian
Xom
The Shining One

Shops:
D:8 [

Annotations:
D:4 Prince Ribbit


Innate Abilities, Weirdness & Mutations

Your experience applies equally to all skills.
You have very sharp teeth.
Your uncanny sense of smell can sniff out nearby items.
You have a pair of small horns on your head.
You evolve.
Your movements are slightly less encumbered by armour. (ER -2)


Message History

The skeletal warrior is severely damaged.
The skeletal warrior closely misses you.
You closely miss the skeletal warrior.
The skeletal warrior is severely damaged.
You hit the skeletal warrior. You burn the skeletal warrior.
The skeletal warrior is severely damaged.
You block the skeletal warrior's attack.
You hit the skeletal warrior but do no damage.
The skeletal warrior is severely damaged.
The skeletal warrior barely misses you.
You hit the skeletal warrior but do no damage.
You headbutt the skeletal warrior, but do no damage.
Your bite misses the skeletal warrior.
The skeletal warrior is severely damaged.
You hit the skeletal warrior. You burn the skeletal warrior.
Your headbutt misses the skeletal warrior.
The skeletal warrior is almost destroyed.
The skeletal warrior hits you with a trident!
You die...
Your body crumbles into a pile of gold.

#.......### ##..####.#
#.........## #### #.#
#..........### ##..
##............# #...
#.............# #.##
#.............# #.#
#............## ###.##
#............# ##...+.
#......@.....# ##....##
#......z.....####.....#
#..........##.##......##
##.........##.##........
#........####.<.......#
#.......## #.........#
######### ##.........#
#..........#
##........##


You could see a skeletal warrior.

Vanquished Creatures
  2 two-headed ogres
  A skeletal warrior (D:8)
  Pikel (D:4)
  Maurice (D:8)
  A komodo dragon (D:8)
  2 hippogriffs (D:7)
  4 hogs (D:8)
  A human (D:8)
  A steam dragon (D:8)
  Edmund (D:4)
  4 orc warriors
  A water moccasin (D:7)
  2 ice beasts
  2 slaves (D:4)
  2 phantoms
  2 ogres
  3 centaurs
  2 big kobolds (D:8)
  A gnoll sergeant (D:5)
  A bullfrog (D:6)
  6 electric eels (D:6)
  3 howler monkeys
  3 crimson imps
  2 centaur zombies
  5 orc priests
  3 gnoll shamans
  2 hounds
  A bullfrog skeleton (D:6)
  4 iguanas
  7 orc wizards
  Natasha (twice) (D:4)
  3 worker ants
  5 big kobold zombies (Ossuary)
  A hound skeleton (D:6)
  A mummy (Ossuary)
  2 worker ant zombies
  48 gnolls
  A howler monkey skeleton (D:7)
  12 adders
  A shadow imp (D:5)
  An ooze (D:4)
  An adder skeleton (D:8)
  2 worms
  4 leopard geckos
  34 orcs
  A spectral bat (Ossuary)
  A ball python (D:2)
  5 giant cockroaches
  7 gnoll zombies (Ossuary)
  13 goblins
  5 hobgoblins
  22 jackals
  4 quokkas
  6 bats
  5 bat simulacra (Ossuary)
  8 frilled lizards
  A goblin simulacrum (Ossuary)
  6 goblin zombies (Ossuary)
  4 hobgoblin zombies (Ossuary)
  2 jackal skeletons
  19 kobolds
  3 kobold simulacra (Ossuary)
  A kobold zombie (Ossuary)
  7 orc zombies (Ossuary)
  A quokka zombie (D:5)
  9 rats
  2 spectral goblins (Ossuary)
  2 spectral kobolds (Ossuary)
  3 spectral rats (Ossuary)
  A plant (D:6)
327 creatures vanquished.

Vanquished Creatures (others)
  A slave (D:4)
  Natasha (D:4)
  4 plants
6 creatures vanquished.

Grand Total: 333 creatures vanquished

Notes
Turn   | Place    | Note
-------+----------+-------------------------------------------
     0 | D:1      | wolfsongas the Gnoll Wanderer began the quest for the Orb.
     0 | D:1      | wolfsongas set off with: a +2 dagger, a potion of heal wounds, a scroll of teleportation, a +0 mace, a +0 robe, a ration
     0 | D:1      | Reached XP level 1. HP: 20/20 MP: 1/1
   254 | D:1      | Reached XP level 2. HP: 26/26 MP: 2/2
   441 | D:1      | Gained mutation: You evolve. [potion of mutation]
   441 | D:1      | Gained mutation: Your spells are a little easier to cast, but a little less powerful. [potion of mutation]
   441 | D:1      | Gained mutation: You have a pair of small horns on your head. [potion of mutation]
   776 | D:1      | Reached XP level 3. HP: 31/31 MP: 3/3
  1205 | D:2      | Reached skill level 1 in Invocations
  1314 | D:2      | Found a hide-covered altar of Uskayaw.
  1622 | D:2      | Reached skill level 1 in Short Blades
  1622 | D:2      | Reached skill level 1 in Long Blades
  1622 | D:2      | Reached skill level 1 in Axes
  1622 | D:2      | Reached skill level 1 in Polearms
  1622 | D:2      | Reached skill level 1 in Staves
  1622 | D:2      | Reached skill level 1 in Slings
  1622 | D:2      | Reached skill level 1 in Bows
  1622 | D:2      | Reached skill level 1 in Crossbows
  1622 | D:2      | Reached skill level 1 in Dodging
  1622 | D:2      | Reached skill level 1 in Shields
  1622 | D:2      | Reached skill level 1 in Unarmed Combat
  1622 | D:2      | Reached skill level 1 in Spellcasting
  1622 | D:2      | Reached skill level 1 in Evocations
  1791 | D:2      | Reached XP level 4. HP: 38/38 MP: 5/5
  2022 | D:3      | Found a faded altar of an unknown god.
  2133 | D:3      | Reached skill level 1 in Conjurations
  2133 | D:3      | Reached skill level 1 in Hexes
  2133 | D:3      | Reached skill level 1 in Charms
  2133 | D:3      | Reached skill level 1 in Summonings
  2133 | D:3      | Reached skill level 1 in Necromancy
  2133 | D:3      | Reached skill level 1 in Translocations
  2133 | D:3      | Reached skill level 1 in Transmutations
  2133 | D:3      | Reached skill level 1 in Fire Magic
  2133 | D:3      | Reached skill level 1 in Ice Magic
  2133 | D:3      | Reached skill level 1 in Air Magic
  2133 | D:3      | Reached skill level 1 in Earth Magic
  2133 | D:3      | Reached skill level 1 in Poison Magic
  2286 | D:3      | Found a sparkling altar of Nemelex Xobeh.
  2449 | D:3      | Lost mutation: Your spells are a little easier to cast, but a little less powerful. [evolution]
  2529 | D:3      | Found a sparkling altar of Nemelex Xobeh.
  2617 | D:3      | Reached XP level 5. HP: 41/43 MP: 6/6
  2631 | D:3      | Found a burning altar of Makhleb.
  2916 | D:3      | Found a stormy altar of Qazlal.
  2969 | D:3      | Found a radiant altar of Vehumet.
  3292 | D:4      | Noticed a slave
  3293 | D:4      | Noticed Pikel
  3341 | D:4      | Found a sand-covered staircase.
  3353 | D:4      | Reached XP level 6. HP: 41/50 MP: 8/8
  3371 | Ossuary  | Entered an ossuary
  3527 | Ossuary  | Gained mutation: You have a pair of horns on your head. [evolution]
  3588 | Ossuary  | Reached skill level 5 in Fighting
  3588 | Ossuary  | Reached skill level 5 in Throwing
  3866 | D:4      | Killed a slave
  3871 | D:4      | Noticed a slave
  3874 | D:4      | Noticed a slave
  3876 | D:4      | Noticed a slave
  3879 | D:4      | Killed a slave
  3880 | D:4      | Killed Pikel
  3880 | D:4      | Reached skill level 9 in Armour
  3880 | D:4      | Reached XP level 7. HP: 46/56 MP: 9/11
  3887 | D:4      | Noticed Edmund
  3896 | D:4      | Killed Edmund
  3896 | D:4      | Reached XP level 8. HP: 52/63 MP: 10/12
  3903 | D:4      | Killed Natasha
  3989 | D:4      | Noticed Natasha
  3993 | D:4      | Killed Natasha
  4113 | D:4      | Noticed Natasha
  4119 | D:4      | Killed Natasha
  4199 | D:5      | Entered Level 5 of the Dungeon
  4250 | D:5      | Found a shimmering altar of Xom.
  4481 | D:5      | Found a shimmering altar of Xom.
  4482 | D:5      | Found a shimmering altar of Xom.
  4483 | D:5      | Found a shimmering altar of Xom.
  4483 | D:5      | Found a shimmering altar of Xom.
  5449 | D:5      | Noticed Prince Ribbit
  5475 | D:5      | Reached skill level 5 in Short Blades
  5475 | D:5      | Reached skill level 5 in Long Blades
  5475 | D:5      | Reached skill level 5 in Axes
  5475 | D:5      | Reached skill level 5 in Polearms
  5475 | D:5      | Reached skill level 5 in Staves
  5475 | D:5      | Reached skill level 5 in Slings
  5475 | D:5      | Reached skill level 5 in Bows
  5475 | D:5      | Reached skill level 5 in Crossbows
  5475 | D:5      | Reached skill level 10 in Armour
  5475 | D:5      | Reached skill level 5 in Dodging
  5475 | D:5      | Reached skill level 5 in Shields
  5475 | D:5      | Reached skill level 5 in Unarmed Combat
  5475 | D:5      | Reached skill level 5 in Spellcasting
  5475 | D:5      | Reached skill level 5 in Evocations
  5475 | D:5      | Reached XP level 9. HP: 36/72 MP: 13/17
  6079 | D:5      | Reached XP level 10. HP: 47/79 MP: 18/18
  6912 | D:6      | Noticed a two-headed ogre
  6932 | D:6      | HP: 4/118 [two-headed ogre/giant spiked club (26)]
  6934 | D:6      | Killed a two-headed ogre
  7175 | D:6      | Lost mutation: You have a pair of horns on your head. [evolution]
  8232 | D:6      | Found a glowing golden altar of the Shining One.
  8243 | D:6      | Found a white marble altar of Elyvilon.
  8246 | D:6      | Found a deep blue altar of Sif Muna.
  8249 | D:6      | Found a shimmering altar of Xom.
  8512 | D:6      | Found a glowing golden altar of the Shining One.
  8707 | D:6      | Found a staircase to the Ecumenical Temple.
  8717 | Temple   | Entered the Ecumenical Temple
  8725 | Temple   | Became a worshipper of Gozag Ym Sagoz the Greedy
  9028 | D:7      | Reached skill level 5 in Conjurations
  9028 | D:7      | Reached skill level 5 in Hexes
  9028 | D:7      | Reached skill level 5 in Charms
  9028 | D:7      | Reached skill level 5 in Summonings
  9028 | D:7      | Reached skill level 5 in Necromancy
  9028 | D:7      | Reached skill level 5 in Translocations
  9028 | D:7      | Reached skill level 5 in Transmutations
  9028 | D:7      | Reached skill level 5 in Fire Magic
  9028 | D:7      | Reached skill level 5 in Ice Magic
  9028 | D:7      | Reached skill level 5 in Air Magic
  9028 | D:7      | Reached skill level 5 in Earth Magic
  9028 | D:7      | Reached skill level 5 in Poison Magic
  9164 | D:7      | Found a hazy altar of Hepliaklqana.
  9531 | D:7      | Found a snail-covered altar of Cheibriados.
  9835 | D:8      | Found Doucasu's Armour Shop.
  9859 | D:8      | Noticed a two-headed ogre
  9861 | D:8      | Noticed Maurice
  9866 | D:8      | Killed a two-headed ogre
  9866 | D:8      | Reached XP level 11. HP: 86/86 MP: 20/20
  9938 | D:8      | Killed Maurice
 10871 | D:8      | Gained mutation: Your movements are slightly less encumbered by armour. (ER -2) [evolution]
 10885 | D:8      | Found a staircase to the Lair.
 11202 | D:8      | Noticed a skeletal warrior
 11202 | D:8      | Noticed a skeletal warrior
 11203 | D:8      | Noticed a skeletal warrior
 11228 | D:8      | Killed a skeletal warrior
 11584 | D:7      | HP: 3/86 [skeletal warrior/trident[a skeletal warrior] (8)]
 11590 | D:7      | Mangled by a skeletal warrior

Vault maps used:
D:1:      dpeg_arrival_rooms_with_view, minmay_vboxes
D:2:      eat_drink_and_be_merry_uskayaw
D:3:      lemuel_round_altar, lemuel_round_altar,
          nicolae_qazlal_eye_of_the_storm, lemuel_round_altar,
          chequers_ecumenical_altar_simple_redux, nemelex_altar_shiori
D:4:      nicolae_ossuary_entry_plus, uniq_natasha, uniq_pikel, uniq_edmund
D:5:      lemuel_castle_with_subvaults, first_ration, xom_redecorated,
          uniq_prince_ribbit1
D:6:      cheibrodos_two_vegetables, grunt_temple_overflow_cloverleaf,
          minmay_temple_entry_poolview, nicolae_tso_carved_into_rock
D:7:      slow_altar_2, lemuel_doored_altar
D:8:      david_lair_shrubbed, serial_shops, shop_fountains, grunt_livestock,
          uniq_maurice
Temple:   dpeg_chambers_temple
Ossuary:  ossuary_zaba_two_paths

Skill      XL: |  1  2  3  4  5  6  7  8  9 10 11 |
---------------+----------------------------------+-----
Invocations    | 1 3 6 7 |  7.2
Short Blades   | 1 2 5 6 |  6.5
Long Blades    | 1 2 5 6 |  6.5
Axes           | 1 2 5 6 |  6.5
Polearms       | 1 2 5 6 |  6.5
Staves         | 1 2 5 6 |  6.5
Slings         | 1 2 5 6 |  6.5
Bows           | 1 2 5 6 |  6.5
Crossbows      | 1 2 5 6 |  6.5
Dodging        | 1 2 5 6 |  6.5
Shields        | 1 2 5 6 |  6.5
Unarmed Combat | 1 2 5 6 |  6.5
Spellcasting   | 1 2 5 6 |  6.5
Evocations     | 1 2 5 6 |  6.5
Conjurations   | 1 2 4 5 |  5.4
Hexes          | 1 2 4 5 |  5.4
Charms         | 1 2 4 5 |  5.4
Summonings     | 1 2 4 5 |  5.4
Necromancy     | 1 2 4 5 |  5.4
Translocations | 1 2 4 5 |  5.4
Transmutations | 1 2 4 5 |  5.4
Fire Magic     | 1 2 4 5 |  5.4
Ice Magic      | 1 2 4 5 |  5.4
Air Magic      | 1 2 4 5 |  5.4
Earth Magic    | 1 2 4 5 |  5.4
Poison Magic   | 1 2 4 5 |  5.4
Maces & Flails | 3 6 7 |  7.1
Stealth        | 3 6 7 |  7.0
Fighting       | 5 7 8 |  8.1
Throwing       | 5 7 8 |  8.1
Armour         | 9 10 | 10.7

Action                   |  1- 3 |  4- 6 |  7- 9 | 10-12 || total
-------------------------+-------+-------+-------+-------++-------
Melee: Dagger            |   137 |   352 |   317 |    94 ||   900
       Headbutt          |     9 |    62 |    72 |   161 ||   304
       Bite              |     7 |    49 |    34 |   106 ||   196
       Punch             |     1 |     2 |     5 |       ||     8
       Whip              |       |       |       |   678 ||   678
 Fire: Hunting sling     |     5 |    18 |       |       ||    23
Invok: Potion Petition   |       |       |       |     2 ||     2
Evoke: Wand              |       |     3 |     1 |     6 ||    10
  Use: Scroll            |     8 |     8 |     3 |     8 ||    27
       Potion            |     1 |     2 |    11 |     7 ||    21
 Stab: Sleeping          |     6 |     1 |       |       ||     7
       Distracted        |       |       |       |     3 ||     3
  Eat: Chunk             |     3 |     4 |     3 |     5 ||    15
       Ration            |       |     1 |     1 |     4 ||     6
Armor: Leather armour    |    48 |       |       |       ||    48
       Scale mail        |     4 |   180 |     1 |       ||   185
       Chain mail        |       |       |   181 |    74 ||   255
       Plate armour      |       |       |       |   220 ||   220
       Skin              |       |       |       |    32 ||    32
Dodge: Dodged            |    90 |   163 |   238 |   229 ||   720
Block: Buckler           |       |       |       |   145 ||   145

Table legend:
 A = Spawn XP
 B = Non-spawn XP
 C = Spawn XP percentage of total XP
 D = Spawn monster count
 E = Non-spawn monster count
 F = Spawn count percentage of total count
 G = Total turns spent on level
                    A         B        C        D         E        F      G
               +---------+---------+-------+---------+---------+-------+---------
         Total |       0 |   11129 |   0.0 |       0 |     324 |   0.0 | 11590
               +---------+---------+-------+---------+---------+-------+---------
           D:1 |       0 |      39 |   0.0 |       0 |      26 |   0.0 |  1109
           D:2 |       0 |      61 |   0.0 |       0 |      22 |   0.0 |   889
           D:3 |       0 |     150 |   0.0 |       0 |      21 |   0.0 |  1205
           D:4 |       0 |     971 |   0.0 |       0 |      12 |   0.0 |  1041
           D:5 |       0 |    1147 |   0.0 |       0 |      75 |   0.0 |  2079
           D:6 |       0 |    2360 |   0.0 |       0 |      44 |   0.0 |  1980
           D:7 |       0 |    1416 |   0.0 |       0 |      25 |   0.0 |  1326
           D:8 |       0 |    4788 |   0.0 |       0 |      51 |   0.0 |  1493
       Ossuary |       0 |     197 |   0.0 |       0 |      48 |   0.0 |   451
               +---------+---------+-------+---------+---------+-------+---------
